 Dungeon Crawl Stone Soup version 0.28-a0-1130-gc51a68064b (webtiles) character file.

Game seed: 14108633096389585178

21 Redcow54321 the Covert (level 2, 0/29 HPs)
             Began as a Gnoll Delver on Dec 13, 2021.
             Slain by a water moccasin zombie (4 damage)
             ... in an ossuary.
             The game lasted 00:00:57 (292 turns).

Redcow54321 the Covert (Gnoll Delver)                Turns: 292, Time: 00:00:59

Health: 0/29       AC:  3    Str: 11    XL:     2   Next: 83%
Magic:  2/2        EV: 13    Int:  9    God:
Gold:   28         SH:  0    Dex: 13    Spells: 2/2 levels left

rFire   . . .      SeeInvis .   a - +0 falchion
rCold   . . .      Faith    .   (no shield)
rNeg    . . .      Spirit   .   b - +0 leather armour
rPois   .          Reflect  .   (no helmet)
rElec   .          Harm     .   (no cloak)
rCorr   .          Rampage  .   (no gloves)
Will    .....                   (no boots)
Stlth   ++++......              (no amulet)
HPRegen 0.09/turn               (no ring)
MPRegen 0.08/turn               (no ring)

@: no status effects
A: fangs 1, strong nose, distributed training
a: no special abilities


You were in an ossuary.
You visited 1 branch of the dungeon, and saw 1 of its levels.
You also visited: Ossuary.

You collected 28 gold pieces.

Inventory:

Hand Weapons
 a - a +0 falchion (weapon)
Armour
 b - a +0 leather armour (worn)
Wands
 g - a wand of digging (3)
Scrolls
 c - a scroll of fog
 d - a scroll of magic mapping
 e - a scroll of fear
 h - a scroll of amnesia {unknown}
Potions
 f - a potion of haste


   Skills:
 + Level 6.5 Fighting
 + Level 0.5 Short Blades
 + Level 4.5 Long Blades
 + Level 0.5 Axes
 + Level 0.5 Maces & Flails
 + Level 0.5 Polearms
 + Level 0.5 Staves
 + Level 0.5 Slings
 + Level 0.5 Bows
 + Level 0.5 Crossbows
 + Level 0.5 Throwing
 + Level 0.5 Armour
 + Level 4.5 Dodging
 + Level 9.5 Stealth
 + Level 0.5 Shields
 + Level 0.5 Unarmed Combat
 + Level 0.5 Spellcasting
 + Level 0.3 Conjurations
 + Level 0.3 Hexes
 + Level 0.3 Summonings
 + Level 0.3 Necromancy
 + Level 0.3 Translocations
 + Level 0.3 Transmutations
 + Level 0.3 Fire Magic
 + Level 0.3 Ice Magic
 + Level 0.3 Air Magic
 + Level 0.3 Earth Magic
 + Level 0.3 Poison Magic
 + Level 0.6 Invocations
 + Level 0.5 Evocations


You had 2 spell levels left.
You didn't know any spells.
Your spell library was empty.

Dungeon Overview and Level Annotations

Branches:
Dungeon (5/15)            Ossuary (1/1)
 Temple: D:4-7

Altars:


Innate Abilities, Weirdness & Mutations

You have very sharp teeth.
Your uncanny sense of smell can sniff out nearby items.
Your experience applies equally to all skills.


Message History

The water moccasin zombie is moderately damaged.
The water moccasin zombie bites you.
The water moccasin zombie barely misses you.
You closely miss the water moccasin zombie.
The water moccasin zombie is moderately damaged.
The water moccasin zombie barely misses you.
You hit the water moccasin zombie.
The water moccasin zombie is heavily damaged.
The water moccasin zombie bites you.
You closely miss the water moccasin zombie.
The water moccasin zombie is heavily damaged.
The water moccasin zombie closely misses you.
The water moccasin zombie bites you.
You slash the water moccasin zombie!
You bite the water moccasin zombie, but do no damage.
The water moccasin zombie is heavily damaged.
The water moccasin zombie bites you.
You hit the water moccasin zombie.
The water moccasin zombie is severely damaged.
The water moccasin zombie barely misses you.
You closely miss the water moccasin zombie.
The water moccasin zombie is severely damaged.
The water moccasin zombie barely misses you.
You hit the water moccasin zombie but do no damage.
The water moccasin zombie is severely damaged.
The water moccasin zombie bites you. x2
You closely miss the water moccasin zombie.
The water moccasin zombie is severely damaged.
The water moccasin zombie bites you.
* * * LOW HITPOINT WARNING * * *
You hit the water moccasin zombie. You bite the water moccasin zombie.
The water moccasin zombie is severely damaged.
The water moccasin zombie closely misses you.
You slash the water moccasin zombie!
Your bite misses the water moccasin zombie.
The water moccasin zombie is almost destroyed.
The water moccasin zombie bites you.
* * * LOW HITPOINT WARNING * * *
The water moccasin zombie bites you.
You die...

#...#
#...#
#...#
#...#
###'#
#...#
#...#
#...#
#.@.#
##Z##
#.ZZ+
#...#
#...#
#####


You could see a water moccasin zombie, a hobgoblin zombie and a kobold zombie.

Vanquished Creatures
  4 adder zombies (Ossuary)
  2 goblin zombies (D:5)
  2 hobgoblin zombies (Ossuary)
  2 kobold zombies (Ossuary)
  An orc zombie (Ossuary)
11 creatures vanquished.

Notes
Turn   | Place    | Note
-------+----------+-------------------------------------------
     0 | D:5      | Reached skill level 9 in Stealth
     0 | D:5      | Redcow54321 the Gnoll Delver began the quest for the Orb.
     0 | D:5      | Reached XP level 1. HP: 23/23 MP: 1/1
    30 | D:5      | Found a sand-covered staircase.
    91 | Ossuary  | Entered an ossuary
   113 | Ossuary  | Reached XP level 2. HP: 20/29 MP: 2/2
   292 | Ossuary  | Slain by a water moccasin zombie

Illustrated notes

Levels and vault maps discovered:
D:5:      layout_gridville, temple_green, enter_ossuary_4,
          minmay_gold_behind_fungi, kennysheep_small_circle, uniq_grinder
Ossuary:  ossuary_tomb_2

Skill      XL: | |
---------------+-+-----
Stealth        | |  9.5
Fighting       | |  6.5
Short Blades   | |  0.5
Long Blades    | |  4.5
Axes           | |  0.5
Maces & Flails | |  0.5
Polearms       | |  0.5
Staves         | |  0.5
Slings         | |  0.5
Bows           | |  0.5
Crossbows      | |  0.5
Throwing       | |  0.5
Armour         | |  0.5
Dodging        | |  4.5
Shields        | |  0.5
Unarmed Combat | |  0.5
Spellcasting   | |  0.5
Conjurations   | |  0.3
Hexes          | |  0.3
Summonings     | |  0.3
Necromancy     | |  0.3
Translocations | |  0.3
Transmutations | |  0.3
Fire Magic     | |  0.3
Ice Magic      | |  0.3
Air Magic      | |  0.3
Earth Magic    | |  0.3
Poison Magic   | |  0.3
Invocations    | |  0.6
Evocations     | |  0.5

Action                   || total
-------------------------++-------
Melee: Falchion          ||    47
       Bite              ||     7
 Stab: Sleeping          ||     5
Armor: Leather armour    ||     3
Dodge: Dodged            ||    21

Table legend: (Time is in decaauts)
 A = Elapsed time spent in this place.
 B = Non-inter-level travel time spent in this place.
 C = Inter-level travel time spent in this place.
 D = Time resting spent in this place.
 E = Time spent auto-exploring this place.
 F = Levels seen in this place.
 G = Mean time per level.
                   A        B        C        D        E       F      G
               +--------+--------+--------+--------+--------+-----+--------+
         Total |    295 |    234 |     61 |    131 |      0 |   2 |  147.5 |
       Dungeon |     91 |     30 |     61 |      0 |      0 |   1 |   91.0 |
       Ossuary |    204 |    204 |      0 |    131 |      0 |   1 |  204.0 |
               +--------+--------+--------+--------+--------+-----+--------+

Top non-repeatable levels by time:
 Ossuary: 204 daAuts
     D:5: 91 daAuts
